 Dungeon Crawl Stone Soup version 0.21-a0-286-g6fcecc0 (webtiles) character file.

5349 4thArraOfDagon the Carver (level 10, -12/55 HPs)
             Began as an Octopode Ice Elementalist on Sept 25, 2017.
             Was an Elder of Cheibriados.
             Mangled by a manticore (26 damage)
             ... on level 11 of the Dungeon.
             The game lasted 00:23:48 (5055 turns).

4thArraOfDagon the Carver (OpIE)                    Turns: 5055, Time: 00:23:49

Health: -12/55     AC:  2    Str: 16      XL:     10   Next: 65%
Magic:  21/21      EV: 19    Int: 34 (35) God:    Cheibriados [****..]
Gold:   342        SH:  0    Dex: 22      Spells: 11/13 levels left

rFire    + . .     SeeInvis +   l - +4 falchion (freeze)
rCold    . . .     Gourm    .   (no shield)
rNeg     . . .     Faith    .   i - +1 hat
rPois    +         Spirit   .   (no amulet)
rElec    .         Reflect  .   p - ring of see invisible
rCorr    .         Harm     .   C - ring of Seplis {rPois rF+}
MR       +....                  B - ring of magical power
Stlth    ++++......             G - +5 ring of intelligence
HPRegen  0.18/turn              (no ring)
MPRegen  0.17/turn              (no ring)
                                (no ring)
                                (no ring)

@: very slow
A: almost no armour, stealthy swim, amphibious, 8 rings, constrict 8, camouflage
1, deterioration 1, frail 2, low mp 2, magic resistance 1, screaming 1,
gelatinous body 1
a: Bend Time, Temporal Distortion, Slouch, Renounce Religion


You were on level 11 of the Dungeon.
You worshipped Cheibriados.
Cheibriados was greatly pleased with you.
You were not hungry.

You visited 1 branch of the dungeon, and saw 11 of its levels.

You collected 342 gold pieces.

Inventory:

Hand Weapons
 c - a +0 short sword
 f - a +3 scimitar of freezing
 h - a +0 falchion
 l - a +4 falchion of freezing (weapon)
Missiles
 y - a throwing net (quivered)
Armour
 i - a +1 hat (worn)
Jewellery
 p - a ring of see invisible (left tentacle)
 B - a ring of magical power (on tentacle)
 C - the ring of Seplis (right tentacle) {rPois rF+}
   (You found it on level 9 of the Dungeon)

   [ring of protection from fire]

   It protects you from fire.
   It protects you from poison.
 G - a +5 ring of intelligence (on tentacle)
Wands
 g - a wand of clouds (0/9)
 t - a wand of confusion (2/48)
 H - a wand of enslavement (1/24)
Scrolls
 e - a scroll of enchant weapon
 k - a scroll of noise {unknown}
 m - 2 scrolls of amnesia {unknown}
 n - 2 scrolls of teleportation {unknown}
 r - 2 scrolls of remove curse
 s - a scroll of fear {unknown}
 u - a scroll of fog {unknown}
 v - a scroll of enchant armour {unknown}
 z - a scroll of blinking
 A - a scroll of silence {unknown}
Potions
 d - 2 potions of flight
 o - a potion of curing
 q - 2 potions of might
 x - a potion of agility
 F - a potion of haste {unknown}
Books
 a - a book of Frost

   Spells                             Type                      Level
   a - Freeze                         Ice                          1
   b - Throw Frost                    Conjuration/Ice              2
   c - Ozocubu's Armour               Charms/Ice                   3
   d - Throw Icicle                   Conjuration/Ice              4
   e - Summon Ice Beast               Ice/Summoning                4
Comestibles
 b - 4 bread rations
 j - 4 meat rations
 D - a royal jelly


   Skills:
 + Level 6.4 Fighting
 * Level 9.6 Long Blades
 + Level 7.0 Dodging
 - Level 2.6 Stealth
 - Level 2.0 Spellcasting
   Level 1.0 Conjurations
 - Level 5.2 Ice Magic
 + Level 6.8 Invocations


You had 11 spell levels left.
You knew the following spells:

 Your Spells              Type           Power        Failure   Level  Hunger
a - Freeze                Ice            ####         1%          1    None
b - Apportation           Tloc           #.....       6%          1    None


Dungeon Overview and Level Annotations

Branches:
Dungeon (11/15)            Temple (0/1) D:7             Orc (0/2) D:11
   Lair: D:8-11

Altars:
Cheibriados
Nemelex Xobeh

Shops:
D:4 [   D:6 :   D:10 (

Annotations:
D:2 Sigmund
D:8 tidbits's ghost, novice DrNe


Innate Abilities, Weirdness & Mutations

You cannot wear most types of armour.
You are very stealthy in the water. (Stealth+)
You are amphibious.
You can wear up to eight rings at the same time.
You can use your tentacles to constrict eight enemies at once.
Your skin changes colour to match your surroundings (Stealth+).
Your rubbery body absorbs attacks. (AC +1, EV +1)
Your body sometimes deteriorates upon taking damage.
You are very frail. (-20% HP)
Your magical capacity is very low. (-20% MP)
You are resistant to hostile enchantments. (MR+)
You occasionally shout uncontrollably at your foes.


Message History

Unknown command.
What are your orders? t - Shout!
Orders for allies: a - Attack new target. r - Retreat! s - Stop attacking. g - Guard the area. f - Follow me.
Anything else - Cancel.
You shout for attention!
You hear a shout! x2
You start resting.
An orc comes into view. It is wielding a club.
You shout at the orc!
Unknown command.
An eye of draining and a worker ant come into view.
You shout at the eye of draining!
The eye of draining turns its gaze towards you.
The manticore bites you. The manticore claws you. The manticore claws you!
* * * LOW HITPOINT WARNING * * *
Your body deteriorates!
You feel dopey. The manticore bites you!!
You die...

..# #..#########
### #..# #..##
#...# ##..# .#
#.>#).#
###########.)a..##
G.......H.)..†.†.#
######@###...)....
#.# #..#.#### #o#
#..#.# #)# #.<.#.
).. ...###. #.#
##.. ## #.# .# #.#
..#


You could see a manticore, an eye of draining, a worker ant and an orc.

Vanquished Creatures
  A deep elf mage (D:10)
  A troll (D:8)
  A hippogriff (D:10)
  A wraith (D:11)
  A hungry ghost (D:8)
  4 yaks (D:11)
  A warg (D:11)
  2 sky beasts (D:10)
  An ice beast (D:8)
  An orc warrior (D:9)
  A black bear (D:7)
  A phantom (D:10)
  2 ogres
  6 centaurs
  A big kobold (D:10)
  6 bullfrogs
  9 wights
  A howler monkey (D:10)
  2 bullfrog zombies
  4 crimson imps
  3 hounds
  A jelly (D:9)
  3 orc priests
  3 bullfrog skeletons
  Terence (D:2)
  2 iguanas
  4 orc wizards
  6 worker ants
  A hound zombie (D:9)
  3 hound skeletons
  15 adders
  5 gnolls (D:8)
  A shadow imp (D:5)
  An adder zombie (D:8)
  An adder skeleton (D:10)
  A worm (D:3)
  3 dart slugs
  5 leopard geckos
  18 orcs
  6 giant cockroaches
  5 goblins
  5 hobgoblins
  12 jackals
  9 kobolds
  3 quokkas
  4 ball pythons
  4 bats
  4 frilled lizards
  A jackal skeleton (D:5)
  A leopard gecko skeleton (D:8)
  7 rats
185 creatures vanquished.

Vanquished Creatures (collateral kills)
  7 yaks (D:11)
7 creatures vanquished.

Vanquished Creatures (others)
  A yak (D:11)
1 creature vanquished.

Grand Total: 193 creatures vanquished

Notes
Turn   | Place    | Note
-------+----------+-------------------------------------------
     0 | D:1      | 4thArraOfDagon the Octopode Ice Elementalist began the quest for the Orb.
     0 | D:1      | Reached XP level 1. HP: 11/11 MP: 3/3
   161 | D:2      | Reached XP level 2. HP: 4/17 MP: 0/5
   162 | D:2      | HP: 1/25 [kobold (3)]
   206 | D:2      | Noticed a bullfrog
   296 | D:3      | You fall through a shaft for 3 floors!
   361 | D:5      | Entered Level 5 of the Dungeon
   436 | D:7      | Noticed a wight
   436 | D:7      | Noticed a wight
   436 | D:7      | Noticed a wight
   436 | D:7      | Noticed a wight
   436 | D:7      | Noticed a wight
   559 | D:5      | Reached XP level 3. HP: 21/21 MP: 3/6
   574 | D:5      | HP: 1/21 [shadow imp (5)]
   680 | D:5      | Reached skill level 5 in Ice Magic
   680 | D:5      | Reached XP level 4. HP: 17/27 MP: 3/7
   825 | D:4      | Noticed a phantom
   875 | D:4      | Reached skill level 1 in Long Blades
   905 | D:4      | Found a snail-covered altar of Cheibriados.
   916 | D:4      | Became a worshipper of Cheibriados the Contemplative
   952 | D:4      | Reached XP level 5. HP: 22/31 MP: 8/8
   957 | D:4      | Found Kergh's Armour Shoppe.
  1023 | D:3      | Reached skill level 2 in Long Blades
  1229 | D:2      | Reached * piety under Cheibriados
  1244 | D:2      | Reached XP level 6. HP: 19/37 MP: 6/9
  1273 | D:1      | Reached skill level 1 in Invocations
  1445 | D:2      | Noticed Sigmund
  1602 | D:2      | Noticed Terence
  1615 | D:2      | Killed Terence
  1615 | D:2      | Reached skill level 1 in Fighting
  1615 | D:2      | Reached skill level 3 in Long Blades
  1625 | D:2      | Reached ** piety under Cheibriados
  2011 | D:3      | Noticed a phantom
  2100 | D:4      | Reached XP level 7. HP: 44/44 MP: 8/10
  2353 | D:5      | Reached skill level 4 in Long Blades
  2517 | D:6      | Found Xudeowis's Book Boutique.
  2517 | D:6      | Found a sparkling altar of Nemelex Xobeh.
  2913 | D:7      | Found a staircase to the Ecumenical Temple.
  2939 | D:7      | Reached XP level 8. HP: 42/51 MP: 11/11
  3009 | D:7      | Reached skill level 5 in Long Blades
  3032 | D:7      | Reached *** piety under Cheibriados
  3075 | D:8      | Noticed tidbits's ghost (novice DrNe)
  3218 | D:8      | Reached skill level 6 in Long Blades
  3300 | D:8      | Reached skill level 5 in Dodging
  3348 | D:8      | Reached XP level 9. HP: 58/58 MP: 12/12
  3497 | D:8      | Noticed a troll
  3517 | D:8      | Killed a troll
  3544 | D:8      | Reached skill level 7 in Long Blades
  3620 | D:9      | Reached skill level 5 in Invocations
  3709 | D:9      | Reached **** piety under Cheibriados
  3728 | D:9      | Got a scorched jade ring
  3729 | D:9      | Identified the ring of Seplis {rPois rF+} (You found it on level 9 of the Dungeon)
  3747 | D:9      | Learned a level 1 spell: Apportation
  3793 | D:10     | Entered Level 10 of the Dungeon
  3847 | D:10     | Gained mutation: You occasionally shout uncontrollably at your foes. [mutagenic meat]
  3848 | D:10     | Gained mutation: Your body sometimes deteriorates upon taking damage. [mutagenic meat]
  3849 | D:10     | Gained mutation: Your magical capacity is low. (-10% MP) [mutagenic meat]
  3850 | D:10     | Gained mutation: Your magical capacity is very low. (-20% MP) [mutagenic meat]
  3866 | D:10     | Gained mutation: You are frail. (-10% HP) [mutagenic meat]
  3867 | D:10     | Gained mutation: You are very frail. (-20% HP) [mutagenic meat]
  3868 | D:10     | Gained mutation: You are resistant to hostile enchantments. (MR+) [mutagenic meat]
  4058 | D:10     | Noticed a two-headed ogre
  4107 | D:10     | Found Syquq's Weapon Emporium.
  4283 | D:10     | Reached skill level 5 in Fighting
  4307 | D:10     | Noticed a deep elf mage
  4313 | D:10     | Killed a deep elf mage
  4313 | D:10     | Reached skill level 8 in Long Blades
  4492 | D:10     | Reached XP level 10. HP: 43/52 MP: 11/11
  4803 | D:11     | Reached skill level 9 in Long Blades
  4967 | D:11     | Found a staircase to the Orcish Mines.
  5015 | D:11     | Noticed a white ugly thing
  5016 | D:11     | Noticed a manticore
  5055 | D:11     | Mangled by a manticore

Vault maps used:
D:1:      dpeg_arrival_round_c, hangedman_decor_slide_cut
D:2:      uniq_terence, uniq_sigmund
D:3:      first_bread
D:4:      cheibriados_altar_1, serial_shops, shop, serial_park_tiny_pond
D:5:      kennysheep_generic_room_10
D:6:      basic_altar, serial_shops, nicolae_shop_waterfront
D:7:      temple_fountains
D:9:      erik_lair_island
D:10:     serial_shops, nicolae_shop_crystal, uniq_erica
D:11:     minmay_orc_entry_guard_dogs

Skill      XL: |  1  2  3  4  5  6  7  8  9 10 |
---------------+-------------------------------+-----
Ice Magic      | 4 5 |  5.2
Long Blades    | 1 2 3 4 6 8 9 |  9.6
Invocations    | 1 3 4 6 |  6.8
Fighting       | 1 2 4 5 6 |  6.4
Dodging        | 3 4 5 6 7 |  7.0
Stealth        | |  2.6
Spellcasting   | |  2.0
Conjurations   | |  1.0

Action                   |  1- 3 |  4- 6 |  7- 9 | 10-12 || total
-------------------------+-------+-------+-------+-------++-------
Melee: Short sword       |    18 |     2 |       |       ||    20
       Unarmed           |     1 |       |       |       ||     1
       Tentacles         |     1 |    24 |    55 |    16 ||    96
       Falchion          |       |   109 |   167 |    38 ||   314
       Constrict         |       |    37 |    47 |     9 ||    93
 Cast: Freeze            |    17 |    44 |    41 |    11 ||   113
Invok: Slouch            |       |       |       |     3 ||     3
       Temporal Distorti |       |       |       |     1 ||     1
Evoke: Wand              |     1 |       |     8 |     9 ||    18
  Use: Potion            |     2 |     1 |     2 |     2 ||     7
       Scroll            |     2 |     3 |     4 |       ||     9
 Stab: Sleeping          |     3 |     8 |     7 |     1 ||    19
       Distracted        |       |     2 |     2 |       ||     4
       Confused          |       |       |     9 |       ||     9
  Eat: Chunk             |       |     3 |    13 |     1 ||    17
       Fruit             |       |       |     3 |       ||     3
Armor: Skin              |     7 |    28 |    14 |     5 ||    54
Dodge: Dodged            |    16 |   118 |   139 |    44 ||   317
       Rpst.: Falchion   |       |    28 |    47 |    12 ||    87

Table legend:
 A = Spawn XP
 B = Non-spawn XP
 C = Spawn XP percentage of total XP
 D = Spawn monster count
 E = Non-spawn monster count
 F = Spawn count percentage of total count
 G = Total turns spent on level
                    A         B        C        D         E        F      G
               +---------+---------+-------+---------+---------+-------+---------
         Total |       0 |    7642 |   0.0 |       0 |     192 |   0.0 |  5055
               +---------+---------+-------+---------+---------+-------+---------
           D:1 |       0 |      35 |   0.0 |       0 |      14 |   0.0 |   401
           D:2 |       0 |     257 |   0.0 |       0 |      25 |   0.0 |   421
           D:3 |       0 |     138 |   0.0 |       0 |      25 |   0.0 |   553
           D:4 |       0 |     110 |   0.0 |       0 |       9 |   0.0 |   340
           D:5 |       0 |     279 |   0.0 |       0 |       9 |   0.0 |   661
           D:6 |       0 |      48 |   0.0 |       0 |       3 |   0.0 |   261
           D:7 |       0 |     843 |   0.0 |       0 |      22 |   0.0 |   631
           D:8 |       0 |    1142 |   0.0 |       0 |      22 |   0.0 |   335
           D:9 |       0 |    1020 |   0.0 |       0 |      19 |   0.0 |   381
          D:10 |       0 |    1569 |   0.0 |       0 |      19 |   0.0 |   760
          D:11 |       0 |    2201 |   0.0 |       0 |      25 |   0.0 |   311
               +---------+---------+-------+---------+---------+-------+---------
